 Dungeon Crawl Stone Soup version 0.23-a0-565-g3e74e4c (webtiles) character file.

99239 ohad the Warrior (level 16, -3/108 HPs)
             Began as a Gargoyle Fighter on June 7, 2018.
             Was an Initiate of Gozag.
             Killed from afar by a hell hog (41 damage)
             ... with a fireball
             ... on level 2 of the Abyss on Dec 13, 2018.
             The game lasted 01:37:26 (25202 turns).

ohad the Warrior (Gargoyle Fighter)                Turns: 25202, Time: 01:37:27

Health: -3/108     AC: 30    Str: 20      XL:     16   Next: 24%
Magic:  16/16      EV: 11    Int: 10 (12) God:    Gozag
Gold:   3693       SH: 12    Dex: 14      Spells: 15/15 levels left

rFire    . . .     SeeInvis .   s - +2 whip (elec)
rCold    + . .     Gourm    .   c - +0 shield
rNeg     + . .     Faith    .   C - +2 chain mail {rC+}
rPois    ∞         Spirit   .   r - +0 helmet
rElec    +         Reflect  .   t - +0 cloak
rCorr    .         Harm     .   m - +0 pair of gloves {Str+3}
MR       +....                  I - +0 pair of boots
Stlth    ..........             E - amulet of regeneration
HPRegen  0.68/turn              o - +2 ring of protection
MPRegen  0.15/turn              j - +1 ring of slaying

@: about to teleport, flying, hasted, very quick
A: big wings, deformed body, negative energy resistance 1, electricity
resistance, weak 1, unbreathing, petrification resistance, rot immunity, AC +12
a: Stop Flying, Potion Petition, Call Merchant, Bribe Branch, Renounce Religion


You were on level 2 of the Abyss.
You worshipped Gozag.
Gozag was most pleased with you.
You were hungry.

You visited 4 branches of the dungeon, and saw 25 of its levels.
You visited the Abyss 1 time.
You also visited: Bailey and Ice Cave.

You collected 9635 gold pieces.
You spent 1144 gold pieces at shops.
You paid 4798 gold pieces to Gozag.

Inventory:

Hand Weapons
 s - a +2 whip of electrocution (weapon)
 F - a +2 dire flail of holy wrath
 G - a +3 lajatang of electrocution
Missiles
 S - 7 javelins (quivered)
Armour
 c - a +0 shield (worn)
 m - a +0 pair of gloves of strength (worn)
 r - a +0 helmet (worn)
 t - a +0 cloak (worn)
 C - a +2 chain mail of cold resistance (worn)
 I - a +0 pair of boots (worn)
 M - the +3 leather armour of Itiufik {*Slow Regen+ Str+3, unknown}
   (You found it on level 9 of the Dungeon)

   It affects your strength (+3).
   It increases your rate of regeneration.
   It may slow you when you take damage.
Jewellery
 b - an uncursed ring of protection from fire
 h - a +2 ring of strength
 j - a +1 ring of slaying (right hand)
 o - a +2 ring of protection (left hand)
 u - an uncursed ring of positive energy
 B - an uncursed ring of protection from magic
 E - an amulet of regeneration (around neck)
 H - an uncursed ring of protection from fire
 L - an uncursed ring of ice
 Q - an uncursed ring of wizardry
Wands
 n - a wand of clouds (6)
 y - a wand of acid (24)
 D - a wand of iceblast (20)
 O - a wand of disintegration (12)
 W - a wand of scattershot (4)
 Z - a wand of digging (17)
Scrolls
 a - 7 scrolls of amnesia {unknown}
 d - a scroll of immolation
 g - 3 scrolls of blinking {unknown}
 k - a scroll of summoning {unknown}
 l - 4 scrolls of enchant armour
 q - 9 scrolls of teleportation
 v - 5 scrolls of magic mapping
 w - a scroll of brand weapon
 A - a scroll of fear
 J - 3 scrolls of random uselessness {unknown}
 N - 16 scrolls of remove curse
 U - 2 scrolls of acquirement {unknown}
 V - 2 scrolls of torment {unknown}
 X - a scroll of fog
 Y - a scroll of silence
Potions
 i - 2 potions of cancellation
 p - 4 potions of agility
 x - 5 potions of haste
 z - a potion of heal wounds
 K - 5 potions of curing
 P - a potion of might
 R - 2 potions of lignification {unknown}
 T - a potion of resistance
Comestibles
 f - 38 rations


   Skills:
 - Level 15.3 Fighting
 - Level 14.2(15.5) Maces & Flails
 - Level 11.0(14.0) Staves
 + Level 12.7 Armour
 - Level 8.0 Dodging
 - Level 10.6 Shields


You had 15 spell levels left.
You didn't know any spells.
Your spell library contained the following spells:

 Spells                   Type           Power        Failure   Level  Hunger
 Animate Skeleton         Necr           N/A          99%         1    ##.....
 Beastly Appendage        Tmut           #.....       99%         1    ##.....
 Corona                   Hex            #......      99%         1    ##.....
 Magic Dart               Conj           #...         99%         1    ##.....
 Pain                     Necr           #...         99%         1    ##.....
 Blink                    Tloc           N/A          99%         2    ###....
 Call Imp                 Summ           #.......     99%         2    ###....
 Slow                     Hex            #.......     99%         2    ###....
 Sticks to Snakes         Tmut           #.......     99%         2    ###....
 Conjure Flame            Conj/Fire      #.......     100%        3    ####...
 Inner Flame              Hex/Fire       #.......     100%        3    ####...
 Mephitic Cloud           Conj/Pois/Air  #.......     100%        3    ####...
 Portal Projectile        Hex/Tloc       #.....       100%        3    ####...
 Regeneration             Chrm/Necr      #.........   100%        3    ####...
 Spider Form              Tmut/Pois      #.........   100%        3    ####...
 Vampiric Draining        Necr           #.........   100%        3    ####...
 Animate Dead             Necr           N/A          100%        4    #####..
 Cause Fear               Hex            #.........   100%        4    #####..
 Ice Form                 Ice/Tmut       #.......     100%        4    #####..
 Leda's Liquefaction      Hex/Erth       #.........   100%        4    #####..
 Blade Hands              Tmut           #.........   100%        5    ######.


Dungeon Overview and Level Annotations

Branches:
Dungeon (15/15)            Temple (1/1) D:7            Lair (6/6) D:8
  Swamp (3/4) Lair:3       Spider (0/4) Lair:2        Slime (0/5) Lair:6
    Orc (0/2) D:10         Depths (0/5) D:15
 Vaults: D:13-14

Altars:
Ashenzari
Cheibriados
Dithmenos
Elyvilon
Fedhas
Gozag
Hepliaklqana
Kikubaaqudgha
Makhleb
Nemelex Xobeh
Okawaru
Qazlal
Ru
Sif Muna
Trog
Uskayaw
Vehumet
Wu Jian
Xom
Yredelemnul
Zin
The Shining One
Jiyva

Shops:
D:4 }   D:10 [   D:11 ((   D:14 *   D:15 [   Lair:5 (}

Annotations:
D:11 exclusions: ice statue and obsidian statue
Lair:4 exclusion: 2 oklob plants
Swamp:1 2 transporters
Swamp:3 Louise


Innate Abilities, Weirdness & Mutations

You are resistant to torment.
Your stone body is resilient. (AC +12)
You are immune to poison.
Your large and strong wings let you fly indefinitely.
You resist negative energy. (rN+)
You are resistant to electric shocks. (rElec)
You can survive without breathing.
You are immune to petrification.
You are immune to rotting.
Armour fits poorly on your strangely shaped body.
You are weak. (Str -2)


Message History

The hell hog bites you but does no damage.
You block the hell hog's attack. x2
You feel yourself speed up. You block the hell hog's attack.
The hell hog closely misses you. You block the hell hog's attack.
The hell hog barely misses you. The hell hog breathes fire at you.
The fireball explodes!
The fireball engulfs you!
The fireball engulfs the hell hog.
The hell hog resists.
The hell hog breathes fire at you.
The fireball explodes!
The fireball engulfs you!
The fireball engulfs the hell hog.
The hell hog resists.
The hell hog breathes fire at you.
The fireball explodes!
The fireball engulfs you!
A small abomination comes into view.
The hell hog breathes fire at you.
The fireball explodes!
The fireball engulfs the hell hog.
The hell hog resists.
The fireball engulfs the hell hog.
The hell hog resists.
The fireball engulfs you!
You die...
Your body crumbles into a pile of gold.

.# ## .. # ..
# #. .##. ..
####..
..#.###...##
#.....###@.#
# #..h.#.# .
#.##h#h...#..
#x...#.#.....
###..##.#..##
##.........#
##.#...#....#
#.#...#.#.#.
#.... ####.


You could see 3 hell hogs and a small abomination.

Vanquished Creatures
  Nessos (Lair:4)
  A dire elephant (D:15)
  A fire dragon (Lair:6)
  8 hydras
  2 ice dragons (IceCv)
  2 ogre magi
  A catoblepas (D:14)
  2 alligators (Swamp:2)
  3 centaur warriors
  7 two-headed ogres
  Urug (D:10)
  A deep elf knight (D:14)
  A fire crab (Lair:6)
  2 unseen horrors
  A wizard (D:15)
  An orc knight (D:13)
  2 swamp dragons
  An ugly thing (D:15)
  A wolf spider (Lair:6)
  14 elephants
  A salamander (D:15)
  4 cyclopes
  An oklob plant (Lair:5)
  4 manticores
  A guardian serpent (Lair:6)
  8 black mambas
  A centaur zombie (D:15)
  2 ice statues (IceCv)
  The ghost of Avalon the Thaumaturge, a novice DECj (D:6)
  A smoke demon (Abyss:2)
  19 spiny frogs
  2 gargoyles
  9 rime drakes
  3 centaur skeletons
  An efreet (D:15)
  7 komodo dragons
  A polar bear (Lair:6)
  4 meliai
  The ghost of pk666 the Magician, a novice DEFE (D:4)
  11 tyrant leeches
  A queen bee (Lair:3)
  5 hornets
  4 trolls
  24 blink frogs
  Prince Ribbit (D:7)
  13 slime creatures
  18 hippogriffs
  4 bog bodies
  2 redbacks (Lair:6)
  2 spriggans
  22 wyverns
  A water elemental (D:15)
  4 hogs (D:8)
  A wraith (D:11)
  A human (D:8)
  Grum (D:11)
  12 basilisks
  5 steam dragons
  34 yaks
  2 hungry ghosts
  9 vampire mosquitoes
  A neqoxec (Abyss:2)
  11 swamp worms
  Edmund (D:6)
  10 porcupines
  A hell hound (Lair:4)
  7 swamp drakes
  18 water moccasins
  5 black bears
  19 ice beasts
  10 orc warriors
  4 sky beasts
  10 ogres
  An eye of draining (D:13)
  12 wolves
  23 centaurs
  10 crocodiles
  A big kobold (D:10)
  10 gnoll sergeants
  21 bullfrogs
  3 wyvern skeletons
  A scorpion (D:7)
  5 wights (D:14)
  55 killer bees
  An electric eel (D:15)
  6 howler monkeys
  5 crimson imps
  A bullfrog zombie (D:6)
  A quasit (D:12)
  Crazy Yiuf (D:6)
  9 orc priests
  2 jellies
  6 gnoll shamans (Bailey)
  4 bullfrog skeletons
  5 hounds
  15 orc wizards
  9 iguanas
  Jessica (D:2)
  Ijyb (D:5)
  10 worker ants
  A hound zombie (D:7)
  A worker ant zombie (D:11)
  23 gnolls
  11 adders
  3 shadow imps
  12 white imps (Lair:6)
  An ooze (D:2)
  2 adder zombies
  An adder skeleton (D:4)
  3 worms
  8 leopard geckos
  60 orcs
  A ball python (D:3)
  4 giant cockroaches
  8 goblins
  10 hobgoblins
  8 jackals
  12 kobolds
  3 quokkas
  A bat (D:3)
  2 frilled lizards
  A quokka skeleton (D:7)
  A quokka zombie (D:6)
  4 rats
  A bush (Lair:5)
  A plant (Lair:6)
800 creatures vanquished.

Vanquished Creatures (others)
  A bush (Lair:6)
  22 fungi
  9 plants
  10 starspawn tentacles (Abyss:2)
42 creatures vanquished.

Grand Total: 842 creatures vanquished

Notes
Turn   | Place    | Note
-------+----------+-------------------------------------------
     0 | D:1      | ohad the Gargoyle Fighter began the quest for the Orb.
     0 | D:1      | Reached XP level 1. HP: 14/14 MP: 1/1
   183 | D:1      | Reached XP level 2. HP: 17/19 MP: 2/2
   537 | D:2      | Noticed Jessica
   559 | D:2      | Killed Jessica
   559 | D:2      | Reached XP level 3. HP: 21/23 MP: 3/3
   624 | D:2      | Reached XP level 4. HP: 28/28 MP: 4/4
   669 | D:2      | Found a glowing silver altar of Zin.
  1518 | D:3      | Found a radiant altar of Vehumet.
  1672 | D:3      | Reached XP level 5. HP: 32/32 MP: 5/5
  2386 | D:4      | Found a sacrificial altar of Ru.
  2598 | D:4      | Reached skill level 5 in Maces & Flails
  2739 | D:4      | Found Usesuog's Gadget Shop.
  2832 | D:4      | Reached XP level 6. HP: 37/37 MP: 6/6
  2902 | D:4      | Noticed pk666's ghost (novice DEFE)
  2947 | D:4      | Killed pk666's ghost
  2947 | D:4      | Reached XP level 7. HP: 26/41 MP: 7/7
  3058 | D:5      | Entered Level 5 of the Dungeon
  3128 | D:5      | Noticed Ijyb
  3134 | D:5      | Killed Ijyb
  4131 | D:5      | Reached skill level 4 in Fighting
  4151 | D:6      | Noticed Edmund
  4152 | D:6      | Reached XP level 8. HP: 48/48 MP: 8/8
  4182 | D:6      | Killed Edmund
  4547 | D:6      | Noticed Avalon's ghost (novice DECj)
  4582 | D:6      | Killed Avalon's ghost
  4679 | D:7      | Noticed Prince Ribbit
  4690 | D:7      | Reached skill level 5 in Fighting
  4690 | D:7      | Reached skill level 10 in Maces & Flails
  4698 | D:7      | Killed Prince Ribbit
  4698 | D:7      | Reached XP level 9. HP: 45/54 MP: 9/9
  5244 | D:7      | Found a snail-covered altar of Cheibriados.
  5287 | D:7      | Found a blossoming altar of Fedhas.
  5313 | D:7      | Reached skill level 6 in Fighting
  5357 | D:7      | Found a staircase to the Ecumenical Temple.
  5381 | D:7      | Found a burning altar of Makhleb.
  5411 | Temple   | Entered the Ecumenical Temple
  5451 | Temple   | Became a worshipper of Gozag Ym Sagoz the Greedy
  5515 | D:7      | Noticed a cacodemon
  5578 | D:7      | Found a sparkling altar of Nemelex Xobeh.
  6072 | D:6      | Found a runed door.
  6076 | D:6      | Noticed Crazy Yiuf
  6086 | D:6      | Killed Crazy Yiuf
  6092 | D:6      | Got an encrusted mace
  6093 | D:6      | Identified the +3 mace of the Final Demons {venom, +Rage
                  | rF+ Str+4} (You found it on level 6 of the Dungeon)
  6197 | D:8      | Found a staircase to the Lair.
  6259 | D:7      | Reached skill level 7 in Fighting
  6266 | D:7      | Reached XP level 10. HP: 54/63 MP: 10/10
  6513 | D:8      | Found an opulent altar of Gozag.
  6890 | D:8      | Reached skill level 5 in Shields
  6936 | Lair:1   | Entered Level 1 of the Lair of Beasts
  7258 | D:9      | Found a stormy altar of Qazlal.
  7478 | D:9      | Got an ichor-stained leather armour
  7563 | D:9      | Found an ancient bone altar of Kikubaaqudgha.
  7567 | D:9      | Found a basalt altar of Yredelemnul.
  7567 | D:9      | Found a sparkling altar of Nemelex Xobeh.
  7568 | D:9      | Found an ornate altar of the Wu Jian Council.
  7569 | D:9      | Found a shimmering altar of Xom.
  7570 | D:9      | Found a bloodstained altar of Trog.
  7809 | D:10     | Entered Level 10 of the Dungeon
  7882 | D:10     | Found a flagged portal.
  7922 | Bailey   | Entered a bailey
  8644 | D:10     | Reached XP level 11. HP: 68/68 MP: 11/11
  8677 | D:10     | Found Arui's Armour Shoppe.
  8712 | D:10     | Bought a +0 pair of gloves of strength for 149 gold pieces
  8772 | D:10     | Reached skill level 10 in Shields
  8816 | D:10     | Noticed a two-headed ogre
  8827 | D:10     | Killed a two-headed ogre
  8879 | D:10     | Reached skill level 1 in Dodging
  8970 | D:10     | Noticed Urug
  8996 | D:10     | Killed Urug
  9452 | D:10     | Found a staircase to the Orcish Mines.
  9648 | D:11     | Found a shadowy altar of Dithmenos.
  9942 | D:11     | Reached skill level 5 in Dodging
 10004 | D:11     | Killed an unseen horror
 10167 | D:11     | Noticed Grum
 10180 | D:11     | Killed Grum
 10481 | D:11     | Noticed an obsidian statue
 10930 | Lair:1   | Reached XP level 12. HP: 73/73 MP: 12/12
 11051 | Lair:1   | Reached skill level 5 in Armour
 11932 | Lair:2   | You fall through a shaft!
 12585 | Lair:2   | Found a hole to the Spider Nest.
 13640 | Lair:3   | Reached XP level 13. HP: 78/78 MP: 13/13
 13703 | Lair:3   | Reached skill level 10 in Armour
 13835 | Lair:3   | Found a staircase to the Swamp.
 14151 | Lair:4   | Reached skill level 8 in Fighting
 14248 | Lair:4   | Noticed Nessos
 14381 | Lair:4   | Upgraded the game from 0.22-a0-456-g11ed031 to
                  | 0.23-a0-558-g30802b1
 14443 | Lair:4   | Reached skill level 9 in Fighting
 14761 | Lair:4   | Reached skill level 10 in Fighting
 15215 | Lair:4   | Killed Nessos
 15215 | Lair:4   | Reached skill level 11 in Fighting
 15552 | Lair:4   | Reached skill level 12 in Fighting
 16293 | Lair:4   | Gained mutation: Your large and strong wings let you fly
                  | indefinitely. [Gargoyle growth]
 16293 | Lair:4   | Reached XP level 14. HP: 33/92 MP: 14/14
 16300 | Lair:4   | Reached skill level 13 in Fighting
 16888 | Lair:5   | Got a dazzling mace
 17023 | Lair:5   | Reached skill level 14 in Fighting
 17478 | Lair:5   | Bought a +3 lajatang of electrocution for 872 gold pieces
 17489 | Lair:6   | Entered Level 6 of the Lair of Beasts
 17497 | Lair:6   | Reached skill level 1 in Staves
 17822 | Lair:6   | Reached skill level 5 in Staves
 17951 | Lair:6   | Found a frozen archway.
 18021 | Lair:6   | Found a staircase to the Slime Pits.
 18021 | Lair:6   | Found a viscous altar of Jiyva.
 18025 | IceCv    | Entered an ice cave
 18997 | Lair:6   | Reached XP level 15. HP: 100/100 MP: 15/15
 19489 | D:12     | Reached skill level 10 in Staves
 20878 | D:13     | Upgraded the game from 0.23-a0-558-g30802b1 to
                  | 0.23-a0-565-g3e74e4c
 21518 | D:14     | Found Gajitw Alie's General Store.
 21551 | D:14     | Bought a scroll of teleportation for 39 gold pieces
 21551 | D:14     | Bought a scroll of remove curse for 39 gold pieces
 21551 | D:14     | Bought a scroll of magic mapping for 45 gold pieces
 21601 | D:14     | Reached skill level 15 in Fighting
 21927 | D:15     | Entered Level 15 of the Dungeon
 22536 | D:15     | Found a staircase to the Depths.
 23208 | Swamp:1  | Entered Level 1 of the Swamp
 23383 | Swamp:1  | Found a transporter.
 23797 | Swamp:1  | Reached XP level 16. HP: 87/108 MP: 16/16
 23878 | Swamp:1  | Found a transporter.
 24901 | Swamp:3  | Noticed Louise
 24927 | Swamp:3  | Cast into level 2 of the Abyss (Louise)
 24930 | Abyss:2  | Found a corrupted altar of Lugonu.
 25031 | Abyss:2  | Gained mutation: Armour fits poorly on your strangely
                  | shaped body. [a neqoxec]
 25036 | Abyss:2  | Gained mutation: You are weak. (Str -2) [a neqoxec]
 25041 | Abyss:2  | Found a corrupted altar of Lugonu.
 25082 | Abyss:2  | Found a corrupted altar of Lugonu.
 25107 | Abyss:2  | Found a sacrificial altar of Ru.
 25121 | Abyss:2  | Noticed a tentacled starspawn
 25131 | Abyss:2  | Noticed a tentacled starspawn
 25156 | Abyss:2  | Found a corrupted altar of Lugonu.
 25202 | Abyss:2  | Killed from afar by a hell hog

Vault maps used:
D:1:      zaba_arrival_water
D:2:      old_standard_altar, first_ration, uniq_jessica
D:3:      vehumet_crystals, minmay_misc_feat_diagonals, minmay_close_crescents
D:4:      nicolae_ru_sacrificial_ziggurat, serial_shops, shop
D:5:      uniq_ijyb
D:6:      nicolae_zen_rock_garden, nrook_loot_triangle, uniq_crazy_yiuf_cottage,
          uniq_edmund
D:7:      lemuel_crystal_altar, old_standard_altar, makhleb_altar_promises_db,
          temple_statues, basic_altar, uniq_prince_ribbit1
D:8:      david_lair_generic, grunt_livestock, grunt_gozag_breadcrumbs
D:9:      minitemple, grunt_qazlal_clouds
D:10:     erik_orc_1, serial_shops, shop, enter_bailey_3, uniq_urug
D:11:     minmay_separated_statues, basic_altar, uniq_grum
D:12:     kennysheep_potato
D:13:     cheibrodos_orc_bank
D:14:     minmay_blocky_corners, grunt_vaults_entry_tiered, serial_shops, shop,
          minivault_26
D:15:     hangedman_depths_entry_try_elsewhere_first, serial_bayou,
          serial_bayou_pond_e, serial_bayou_crossing, serial_bayou_pond_c,
          serial_bayou_pond_c
Temple:   jpeg_temple_island
Lair:1:   beast_lair_carwin_4
Lair:2:   spider_nest_entry_web_field, minivault_26, grunt_megastairs_2
Lair:3:   minmay_swamp_entry_worms, special_room,
          grunt_forest_large_clearing_hut
Lair:4:   regret_index_harrowing_hell_hive, infiniplex_staircase_pool,
          uniq_nessos
Lair:5:   special_room, nicolae_quartered_pool_medium, minmay_lair_oklob_bushes,
          chequers_serial_rivers_small_3, st_stairs_6, serial_bayou_shore_b,
          serial_bayou_shore_b, grunt_megastairs_1
Lair:6:   guppyfry_lair_end_dragon, hangedman_lair_tendril_chambers,
          slime_altar_1, portal_ice_cave_entry_imps, minivault_26
Swamp:1:  gammafunk_its_a_trap, evilmike_swamp_ruin_house_2, swamp_pool1,
          infiniplex_staircase_pool_2
Swamp:2:  evilmike_swamp_ruin_wall
Swamp:3:  evilmike_swamp_ruin_rubble_1, swamp_pool5, uniq_louise
Abyss:2:  hangedman_abyss_or_decor_slice, hangedman_abyss_or_decor_passed
Bailey:   bailey_polearm_gnolls_kennysheep, bailey
IceCv:    ice_cave_small_dragons

Skill      XL: |  1  2  3  4  5  6  7  8  9 10 11 12 13 14 15 16 |
---------------+-------------------------------------------------+-----
Maces & Flails | 3 4 5 6 8 10 12 13 14 | 14.2
Fighting       | 4 5 7 12 14 15 | 15.3
Shields        | 9 10 | 10.6
Dodging        | 6 8 |  8.0
Armour         | 4 9 10 11 12 | 12.7
Staves         | 9 11 | 11.0

Action                   |  1- 3 |  4- 6 |  7- 9 | 10-12 | 13-15 | 16-18 || total
-------------------------+-------+-------+-------+-------+-------+-------++-------
Melee: Flail             |    59 |   103 |       |       |       |       ||   162
       Whip              |       |    47 |   401 |  1408 |   932 |   344 ||  3132
       Mace              |       |       |       |     1 |       |       ||     1
       Lajatang          |       |       |       |       |   790 |       ||   790
Invok: Call Merchant     |       |       |       |     2 |     3 |       ||     5
 Abil: Fly               |       |       |       |       |     1 |       ||     1
  Use: Scroll            |       |       |     7 |    10 |     7 |     4 ||    28
       Potion            |       |       |       |       |     6 |     3 ||     9
 Stab: Distracted        |       |       |       |     6 |     9 |     1 ||    16
  Eat: Chunk             |       |     6 |     3 |       |       |       ||     9
       Ration            |       |       |     3 |     7 |    11 |     1 ||    22
Armor: Scale mail        |     9 |       |       |       |       |       ||     9
       Chain mail        |    26 |    80 |   196 |   439 |  1126 |   119 ||  1986
Dodge: Dodged            |    19 |    28 |    55 |   230 |   860 |    83 ||  1275
Block: Shield            |    20 |    70 |   126 |   627 |   517 |   148 ||  1508

Table legend:
 A = Non-vault XP
 B = Vault XP
 C = Vault XP percentage of total XP
 D = Non-vault monster count
 E = Vault monster count
 F = Vault count percentage of total count
                 A         B        C        D         E       F
            +---------+---------+-------+---------+---------+-------
      Total |  104660 |   37110 |  26.2 |     636 |     162 |  20.3
            +---------+---------+-------+---------+---------+-------
        D:1 |      22 |       0 |   0.0 |      12 |       0 |   0.0
        D:2 |      99 |       0 |   0.0 |      12 |       0 |   0.0
        D:3 |      93 |       0 |   0.0 |      22 |       0 |   0.0
        D:4 |     441 |       0 |   0.0 |       6 |       0 |   0.0
        D:5 |     525 |       0 |   0.0 |      27 |       0 |   0.0
        D:6 |    1223 |       0 |   0.0 |      18 |       0 |   0.0
        D:7 |    2311 |       0 |   0.0 |      32 |       0 |   0.0
        D:8 |    1856 |       0 |   0.0 |      24 |       0 |   0.0
        D:9 |    1039 |       0 |   0.0 |      16 |       0 |   0.0
       D:10 |    5326 |       0 |   0.0 |      54 |       0 |   0.0
       D:11 |    3764 |       0 |   0.0 |      38 |       0 |   0.0
       D:12 |    7597 |     390 |   4.9 |      44 |       3 |   6.4
       D:13 |    3996 |     974 |  19.6 |      27 |      15 |  35.7
       D:14 |    9032 |       0 |   0.0 |      22 |       0 |   0.0
       D:15 |    9547 |    2945 |  23.6 |      26 |       4 |  13.3
     Lair:1 |    3964 |       0 |   0.0 |      24 |       0 |   0.0
     Lair:2 |    3360 |       0 |   0.0 |      16 |       0 |   0.0
     Lair:3 |    8009 |     423 |   5.0 |      56 |       1 |   1.8
     Lair:4 |   11155 |    9909 |  47.0 |      39 |      48 |  55.2
     Lair:5 |    5487 |    2278 |  29.3 |      17 |       7 |  29.2
     Lair:6 |    6488 |   14834 |  69.6 |      20 |      64 |  76.2
    Swamp:1 |    6535 |       0 |   0.0 |      17 |       0 |   0.0
    Swamp:2 |    9690 |       0 |   0.0 |      33 |       0 |   0.0
    Swamp:3 |    1266 |       0 |   0.0 |       2 |       0 |   0.0
    Abyss:2 |     609 |       0 |   0.0 |       2 |       0 |   0.0
     Bailey |    1226 |       0 |   0.0 |      30 |       0 |   0.0
      IceCv |       0 |    5357 | 100.0 |       0 |      20 | 100.0
            +---------+---------+-------+---------+---------+-------
